 Dungeon Crawl Stone Soup version 0.23-a0-650-ga4d50d4 (webtiles) character file.

472 zishaf the Firebug (level 6, 0/32 HPs)
             Began as a Deep Elf Fire Elementalist on Jan 3, 2019.
             Was an Initiate of Cheibriados.
             Blown up by a centaur (20 damage)
             ... with a wand of disintegration (10)
             ... on level 5 of the Dungeon on Jan 4, 2019.
             The game lasted 00:13:15 (4628 turns).

zishaf the Firebug (Deep Elf Fire Elementalist)     Turns: 4628, Time: 00:13:16

Health: 0/32       AC:  9    Str:  6    XL:     6   Next: 83%
Magic:  14/14      EV: 13    Int: 23    God:    Cheibriados [......]
Gold:   148        SH:  5    Dex: 19    Spells: 2/13 levels left

rFire    . . .     SeeInvis .   b - +0 hunting sling
rCold    + . .     Gourm    .   A - +0 buckler
rNeg     . . .     Faith    .   F - +4 leather armour of Rehod {rC+}
rPois    .         Spirit   .   (no helmet)
rElec    .         Reflect  .   (no cloak)
rCorr    .         Harm     .   (no gloves)
MR       .....                  m - +1 pair of boots
Stlth    +++.......             s - amulet of regeneration
HPRegen  0.50/turn              i - +3 ring of dexterity
MPRegen  0.14/turn              E - ring of stealth

@: very slow
A: no striking features
a: Bend Time, Renounce Religion


You were on level 5 of the Dungeon.
You worshipped Cheibriados.
Cheibriados was noncommittal.
You were not hungry.

You visited 2 branches of the dungeon, and saw 6 of its levels.

You collected 148 gold pieces.

Inventory:

Hand Weapons
 a - a +2 dagger of flaming
 b - a +0 hunting sling (weapon)
Missiles
 p - 78 stones (quivered)
 u - 72 sling bullets
Armour
 m - a +1 pair of boots (worn)
 A - a +0 buckler (worn)
 F - the +4 leather armour of Rehod (worn) {rC+}
   (You found it on level 4 of the Dungeon)

   It protects you from cold.
Jewellery
 i - a +3 ring of dexterity (left hand)
 q - an uncursed ring of resist corrosion
 s - an amulet of regeneration (around neck)
 E - a ring of stealth (right hand)
Wands
 r - a wand of iceblast (6)
Scrolls
 f - 3 scrolls of fog {unknown}
 g - 3 scrolls of random uselessness {unknown}
 h - 4 scrolls of teleportation
 k - 4 scrolls of remove curse {unknown}
 t - 2 scrolls of enchant armour {unknown}
 v - a scroll of magic mapping {unknown}
 w - a scroll of immolation
 x - a scroll of fear
 y - a scroll of enchant weapon {unknown}
 B - 3 scrolls of blinking {unknown}
 D - 2 scrolls of identify
Potions
 d - a potion of cancellation
 e - 5 potions of curing
 j - a potion of mutation
 l - a potion of brilliance
 o - a potion of heal wounds
 z - a potion of flight
 C - 2 potions of ambrosia
Comestibles
 c - 7 rations


   Skills:
 + Level 4.2 Dodging
 - Level 2.4 Stealth
 * Level 1.5 Shields
 - Level 4.1 Spellcasting
 * Level 4.3 Conjurations
 * Level 5.5 Fire Magic


You had 2 spell levels left.
You knew the following spells:

 Your Spells              Type           Power        Failure   Level  Hunger
a - Flame Tongue          Conj/Fire      ####.        3%          1    None
b - Throw Flame           Conj/Fire      ####..       4%          2    #......
c - Conjure Flame         Conj/Fire      ####....     9%          3    ##.....
d - Fireball              Conj/Fire      ####......   63%         5    ######.

Your spell library contained the following spells:

 Spells                   Type           Power        Failure   Level  Hunger
 Inner Flame              Hex/Fire       ###.....     22%         3    ##.....
 Sticky Flame             Conj/Fire      ####....     28%         4    ####...


Dungeon Overview and Level Annotations

Branches:
Dungeon (5/15)             Temple (1/1) D:4

Altars:
Ashenzari
Cheibriados
Elyvilon
Fedhas
Gozag
Hepliaklqana
Kikubaaqudgha
Okawaru
Qazlal
Sif Muna
Uskayaw
Wu Jian
Xom
The Shining One


Message History

k - 4 scrolls labeled MAFOBU RIMO (gained 1)
You see here a leather armour.
Your +2 dagger of flaming stops flaming.
b - a +0 hunting sling (weapon)
e - 5 potions of curing (gained 1)
p - 78 stones (gained 23)
A centaur comes into view.
It is carrying a wand of disintegration (11).
Found 8 poisoned needles.
A worker ant comes into view.
The worker ant moves out of view.
The centaur shouts!
The centaur zaps a wand.
You are blasted!
The centaur wields a +0 shortbow.
The centaur shoots an arrow.
The arrow hits you.
You hear a bark!
Found a ration.
You see here an arrow.
A hound comes into view.
The centaur zaps a wand.
You are blasted!
Ouch! That really hurt!
You die...

.. ## ## ...
..#..###..
....#.....
#####.#.#.#...
........ch. .
#.....# ... .
##.#@#.#....% ..##
##..#.((......
....###.....#.......
##...#..######.####
#......#.......a.#
...###..............
#...##......#....
#.####......# .
#.####......#...


You could see a centaur, a hound and a worker ant.

Vanquished Creatures
  Sigmund (D:4)
  A hound (D:4)
  3 orc wizards
  A worker ant (D:4)
  4 gnolls (D:3)
  4 adders
  An adder skeleton (D:4)
  5 worms
  2 dart slugs
  2 leopard geckos (D:1)
  5 orcs
  4 bats
  7 giant cockroaches
  7 goblins
  10 hobgoblins
  8 jackals
  9 kobolds
  2 quokkas (D:3)
  2 ball pythons
  2 frilled lizards
  8 rats
88 creatures vanquished.

Vanquished Creatures (others)
  A plant (D:4)
1 creature vanquished.

Grand Total: 89 creatures vanquished

Notes
Turn   | Place    | Note
-------+----------+-------------------------------------------
     0 | D:1      | zishaf the Deep Elf Fire Elementalist began the quest for
                  | the Orb.
     0 | D:1      | Reached XP level 1. HP: 10/10 MP: 6/6
   133 | D:1      | Reached XP level 2. HP: 15/15 MP: 1/8
   728 | D:1      | Reached XP level 3. HP: 16/19 MP: 0/9
  1174 | D:2      | Learned a level 3 spell: Conjure Flame
  1177 | D:2      | Learned a level 2 spell: Throw Flame
  1597 | D:2      | Reached skill level 4 in Fire Magic
  1839 | D:2      | Reached XP level 4. HP: 24/24 MP: 11/11
  2610 | D:3      | Reached XP level 5. HP: 28/28 MP: 4/12
  3394 | D:4      | Reached skill level 5 in Fire Magic
  3492 | D:4      | Noticed Sigmund
  3702 | D:4      | Found a snail-covered altar of Cheibriados.
  3780 | D:4      | Found a staircase to the Ecumenical Temple.
  3794 | D:4      | Got a polished leather armour
  3805 | D:4      | Identified the +4 leather armour of Rehod {rC+} (You found
                  | it on level 4 of the Dungeon)
  3811 | Temple   | Entered the Ecumenical Temple
  3915 | D:4      | Became a worshipper of Cheibriados the Contemplative
  3932 | D:4      | Reached XP level 6. HP: 32/32 MP: 12/14
  3960 | D:4      | Killed Sigmund
  3960 | D:4      | Reached skill level 1 in Shields
  4569 | D:5      | Entered Level 5 of the Dungeon
  4576 | D:5      | Learned a level 5 spell: Fireball
  4628 | D:5      | Blown up by a centaur

Vault maps used:
D:1:      scummos_arrival_simple_fountains
D:2:      grunt_ministairs_1
D:3:      first_ration
D:4:      nicolae_overflow_crystal_walls, minmay_temple_entry_tees,
          serial_bayou, serial_bayou_lagoon_a, serial_bayou_shore_b,
          serial_bayou_ford_a, serial_bayou_shore_a, serial_bayou_pond_d,
          uniq_sigmund
D:5:      minitemple, uniq_edmund
Temple:   cyrus_circular_temple

Skill      XL: |  1  2  3  4  5  6 |
---------------+-------------------+-----
Conjurations   | 2 3 4 |  4.3
Dodging        | 3 4 |  4.2
Fire Magic     | 4 5 |  5.5
Spellcasting   | 4 |  4.1
Shields        | 1 |  1.5
Stealth        | |  2.4

Action                   |  1- 3 |  4- 6 || total
-------------------------+-------+-------++-------
Melee: Unarmed           |     5 |       ||     5
       Dagger            |     6 |    72 ||    78
 Fire: Hunting sling     |    18 |    92 ||   110
 Cast: Flame Tongue      |    63 |    80 ||   143
       Conjure Flame     |     1 |     4 ||     5
  Use: Scroll            |       |    10 ||    10
  Eat: Chunk             |     3 |     6 ||     9
       Ration            |       |     1 ||     1
Armor: Robe              |    12 |     2 ||    14
       Leather armour    |       |     8 ||     8
Dodge: Dodged            |    22 |    20 ||    42

Table legend:
 A = Non-vault XP
 B = Vault XP
 C = Vault XP percentage of total XP
 D = Non-vault monster count
 E = Vault monster count
 F = Vault count percentage of total count
                 A         B        C        D         E       F
            +---------+---------+-------+---------+---------+-------
      Total |     459 |     216 |  32.0 |      85 |       3 |   3.4
            +---------+---------+-------+---------+---------+-------
        D:1 |      47 |       0 |   0.0 |      25 |       0 |   0.0
        D:2 |      48 |       4 |   7.7 |      18 |       2 |  10.0
        D:3 |     181 |       0 |   0.0 |      31 |       0 |   0.0
        D:4 |     183 |     212 |  53.7 |      11 |       1 |   8.3
            +---------+---------+-------+---------+---------+-------
